 Dungeon Crawl Stone Soup version 0.25-a0-651-g8c222c7a2b (webtiles) character file.

Game seed: 4904964014164151780, levelgen mode: deterministic

36 Kohma the Stinger (level 3, -3/26 HPs)
             Began as a Demonspawn Venom Mage on Mar 22, 2020.
             Slain by a quokka (4 damage)
             ... on level 1 of the Dungeon.
             The game lasted 00:04:38 (1366 turns).

Kohma the Stinger (Demonspawn Venom Mage)           Turns: 1366, Time: 00:04:38

Health: -3/26      AC:  2    Str:  8    XL:     3   Next: 19%
Magic:  0/6        EV: 12    Int: 17    God:
Gold:   42         SH:  0    Dex: 13    Spells: 3/6 levels left

rFire    . . .     SeeInvis .   (no weapon)
rCold    . . .     Gourm    .   (no shield)
rNeg     . . .     Faith    .   j - +0 robe (curse)
rPois    .         Spirit   +   (no helmet)
rElec    .         Reflect  .   (no cloak)
rCorr    .         Harm     .   (no gloves)
MR       .....                  (no boots)
Stlth    ++........             (no amulet)
HPRegen  0.08/turn              (no ring)
MPRegen  0.10/turn              (no ring)

@: no status effects
A: claws 1, magic shield
a: no special abilities


You were on level 1 of the Dungeon.
You were not hungry.

You visited 1 branch of the dungeon, and saw 2 of its levels.

You collected 42 gold pieces.

Inventory:

Missiles
 f - 3 datura-tipped darts (quivered)
 m - 23 sling bullets
Armour
 h - a +0 leather armour
 j - a cursed +0 robe (worn)
Jewellery
 b - an uncursed ring of see invisible {unknown}
Scrolls
 a - a scroll of identify {unknown}
 g - a scroll of random uselessness {unknown}
 k - a scroll of remove curse {unknown}
Potions
 d - a potion of haste {unknown}
 e - a potion of might {unknown}
 i - a potion of stabbing {unknown}
Comestibles
 c - 3 rations
 l - 2 chunks of flesh


   Skills:
 + Level 1.0 Fighting
 - Level 2.0 Dodging
 + Level 2.8 Stealth
 + Level 0.7 Unarmed Combat
 - Level 2.0 Spellcasting
 - Level 1.0 Transmutations
 + Level 0.1 Air Magic
 - Level 3.0 Poison Magic


You had 3 spell levels left.
You knew the following spells:

 Your Spells              Type           Power        Failure   Level  Hunger
a - Sting                 Tmut/Pois      #...         9%          1    #......
b - Poisonous Vapours     Pois/Air       #.....       16%         2    ###....

Your spell library contained the following spells:

 Spells                   Type           Power        Failure   Level  Hunger
 Ignite Poison            Fire/Tmut/Pois #.......     32%         3    ###....
 Mephitic Cloud           Conj/Pois/Air  #.......     36%         3    ###....
 Olgreb's Toxic Radiance  Pois           ##......     50%         4    #####..


Dungeon Overview and Level Annotations

Branches:
Dungeon (2/15)

Altars:


Innate Abilities, Weirdness & Mutations

You have sharp fingernails.
When hurt, damage is shared between your health and your magic reserves.


Message History

The quokka bites you.
* * * LOW HITPOINT WARNING * * *
The quokka barely misses you. The quokka bites you.
* * * LOW HITPOINT WARNING * * *
There is a stone staircase leading up here.
The quokka closely misses you.
You climb upwards.
There is a stone staircase leading down here.
You closely miss the quokka. The quokka closely misses you.
You barely miss the quokka. The quokka barely misses you.
Casting: Poisonous Vapours (safe; 16% risk of failure)
Confirm with . or Enter, or press ? or * to list all spells.
Aiming: Sting (safe; 9% risk of failure)
Press: ? - help, Shift-Dir - straight line, f - quokka
Aim: a quokka The sting misses the quokka.
The quokka bites you.
* * * LOW HITPOINT WARNING * * *
You closely miss the quokka. The quokka misses you. The quokka bites you.
You die...

........###### #..## ##.........
........# #.#÷###.##....##.
........# #.##.#.###.#...#.
.......)# #.###.#......#...
........# #.# #.#.##.#...#.
........# #.# #............
........# #.# ##..##.#.....
........#########^####..##.#..##.
.#######.......r@.......#.....8..
.######...#.####..#####.#..##...#
.#......#...# #..# ##..#..##.##
.#.####...### #..####...#...#'#.
.#.# ##.## #......(##....#'#.
.#.# #.# ##.####...#..##⌠## .#.#
#.# #.# ##..#..+⌠<⌠' .#.# #.# #.#
#.....##⌠## .#.# #.# #.#
#.##...#'#.


You could see a quokka.

Vanquished Creatures
  3 dart slugs (D:1)
  A leopard gecko (D:2)
  A ball python (D:1)
  4 bats (D:1)
  A giant cockroach (D:1)
  3 goblins
  6 hobgoblins (D:1)
  3 frilled lizards (D:1)
  2 kobolds
  4 rats (D:1)
28 creatures vanquished.

Notes
Turn   | Place    | Note
-------+----------+-------------------------------------------
     0 | D:1      | Kohma the Demonspawn Venom Mage began the quest for the
                  | Orb.
     0 | D:1      | Reached XP level 1. HP: 13/13 MP: 3/3
    15 | D:1      | Reached skill level 1 in Transmutations
   193 | D:1      | Gained mutation: You have sharp fingernails. [demonic
                  | ancestry]
   193 | D:1      | Reached XP level 2. HP: 12/19 MP: 0/5
  1135 | D:1      | Gained mutation: When hurt, damage is shared between your
                  | health and your magic reserves. [demonic ancestry]
  1135 | D:1      | Reached XP level 3. HP: 25/25 MP: 4/6
  1318 | D:1      | Learned a level 2 spell: Poisonous Vapours
  1337 | D:2      | Reached skill level 1 in Fighting
  1360 | D:2      | HP: 1/26 [quokka (2)]
  1365 | D:1      | HP: 1/26 [quokka (1)]
  1366 | D:1      | Slain by a quokka

Levels and vault maps discovered:
D:1:      grunt_arrival_crossed_arrows, layout_loops_ring
D:2:      layout_rooms, xom_teletrap_fun, fedhas_ov_isle_minmay,
          nemelex_altar_shiori, grunt_temple_overflow_open, first_ration

Skill      XL: |  1  2  3 |
---------------+----------+-----
Transmutations | 1 |  1.0
Stealth        | 2 |  2.8
Dodging        | 2 |  2.0
Fighting       | 1 |  1.0
Unarmed Combat | |  0.7
Spellcasting   | |  2.0
Air Magic      | |  0.1
Poison Magic   | |  3.0

Action                   || total
-------------------------++-------
Melee: Unarmed           ||    35
 Cast: Sting             ||    45
       Poisonous Vapours ||     3
  Eat: Chunk             ||     2
Armor: Robe              ||     8
Dodge: Dodged            ||    38

Table legend:
 A = Non-vault XP
 B = Vault XP
 C = Vault XP percentage of total XP
 D = Non-vault monster count
 E = Vault monster count
 F = Vault count percentage of total count
                 A         B        C        D         E       F
            +---------+---------+-------+---------+---------+-------
      Total |      52 |       0 |   0.0 |      28 |       0 |   0.0
            +---------+---------+-------+---------+---------+-------
        D:1 |      46 |       0 |   0.0 |      25 |       0 |   0.0
        D:2 |       6 |       0 |   0.0 |       3 |       0 |   0.0
            +---------+---------+-------+---------+---------+-------
